 Dungeon Sprint DCSS version 0.31-a0-18-gea43df2a32 (webtiles) character file.

Game seed: 16782853079208693930

670 sircluck the Unseen (level 7, -9/70 HPs)
             Began as a Kobold Brigand on May 9, 2023.
             Was a High Priest of Dithmenos.
             Mangled by a demonic crawler (14 damage)
             ... in the Dungeon (Sprint VII: "The Pits").
             The game lasted 00:02:10 (462 turns).

sircluck the Unseen (Kobold Brigand)                 Turns: 462, Time: 00:02:12

Health: -9/70      AC:  3    Str:  9    XL:     7   Next: 89%
Magic:  7/7        EV: 18    Int: 12    God:    Dithmenos [*****.]
Gold:   0          SH:  0    Dex: 18    Spells: 6/6 levels left

rFire   . . .        a - +2 dagger
rCold   . . .        (no shield)
rNeg    . . .        b - +0 robe
rPois   .            (no helmet)
rElec   .            c - +0 cloak
rCorr   .            (no gloves)
SInv    .            (no boots)
Will    .....        (no amulet) Stlth
                     (no ring)
HPRegen 0.31/turn    (no ring)
MPRegen 0.10/turn

%: no teleportation
@: berserking, wreathed by umbra, very quick
A: small, no large weapons, nightstalker 3
a: Renounce Religion, Shadow Step, Shadow Form


You were in the Dungeon.
You worshipped Dithmenos.
Dithmenos was extremely pleased with you.
You visited 1 branch

Inventory:

Hand Weapons
 a - a +2 dagger (weapon)
Missiles
 d - 7 poisoned darts (quivered)
 e - 3 curare-tipped darts
 o - 10 stones
Armour
 b - a +0 robe (worn)
 c - a +0 cloak (worn)
 p - a +3 chain mail
Scrolls
 k - a scroll of blinking
 m - 5 scrolls of amnesia
 n - a scroll of summoning
Potions
 f - 6 potions of curing
 g - 5 potions of heal wounds
 h - a potion of haste
 i - 4 potions of magic
 j - a potion of berserk rage
 l - 2 potions of invisibility


   Skills:
 + Level 6.3 Fighting
 + Level 10.8 Short Blades
 + Level 3.7 Throwing
 + Level 6.0 Dodging
 + Level 16.5 Stealth


You had 6 spell levels left.
You didn't know any spells.
Your spell library was empty.

Dungeon Overview and Level Annotations

Branches:
Dungeon (1/1)

Altars:
Ashenzari
Cheibriados
Dithmenos
Elyvilon
Fedhas
Gozag
Hepliaklqana
Kikubaaqudgha
Makhleb
Nemelex Xobeh
Okawaru
Qazlal
Ru
Sif Muna
Trog
Uskayaw
Vehumet
Wu Jian
Xom
Yredelemnul
Zin
The Shining One
Jiyva
Lugonu


Innate Abilities, Weirdness & Mutations

You are small and have problems with some larger weapons.
You are completely attuned to the shadows.


Message History

You puncture the demonic crawler!
The demonic crawler is lightly wounded.
You hit the demonic crawler.
The demonic crawler is moderately wounded.
The demonic crawler hits you. The demonic crawler hits you!
The demonic crawler closely misses you.
You puncture the demonic crawler!
The demonic crawler is moderately wounded.
Your shadow barely misses the demonic crawler.
You hit the demonic crawler.
The demonic crawler is moderately wounded.
The demonic crawler closely misses you.
The demonic crawler completely misses you.
The demonic crawler barely misses you.
You puncture the demonic crawler!
The demonic crawler is heavily wounded.
Your shadow hits the demonic crawler but does no damage.
You hit the demonic crawler but do no damage.
The demonic crawler is heavily wounded.
Your shadow hits the demonic crawler but does no damage.
The demonic crawler closely misses you. The demonic crawler hits you!
The demonic crawler closely misses you.
You hit the demonic crawler.
The demonic crawler is moderately wounded.
Your shadow hits the demonic crawler but does no damage.
You puncture the demonic crawler!
The demonic crawler is heavily wounded.
Your shadow barely misses the demonic crawler.
The demonic crawler barely misses you. The demonic crawler hits you!!
* * * LOW HITPOINT WARNING * * *
The demonic crawler misses you.
You puncture the demonic crawler!
The demonic crawler is heavily wounded.
You barely miss the demonic crawler.
The demonic crawler is heavily wounded.
Your shadow hits the demonic crawler but does no damage.
The demonic crawler hits you!
* * * LOW HITPOINT WARNING * * *
The demonic crawler hits you!
You die...

#.#........##.......#
#'###########.......#
#))))...#))##########
#.###...#)#####
#.#.....#)#..(.
#.#...#.#'#....
#.....#.#i'i...
#...###†#s#....
#.......'@#.s..
###############


You could see a demonic crawler and a spriggan.

Vanquished Creatures
  A yak (D)
  2 wolves (D)
  A phantom (D)
  A gnoll sergeant (D)
  A bullfrog (D)
  A quasit (D)
  An iron imp (D)
  2 orc wizards (D)
  3 gnolls (D)
  An adder (D)
  A river rat (D)
  A white imp (D)
  3 orcs (D)
  3 ball pythons (D)
  2 quokkas (D)
  A frilled lizard (D)
  A jackal skeleton (D)
26 creatures vanquished.

Notes
Turn   | Place    | Note
-------+----------+-------------------------------------------
     0 | D        | sircluck the Kobold Brigand began the quest for the Orb.
     0 | D        | Reached XP level 1. HP: 12/12 MP: 1/1
    17 | D        | Noticed a five-headed hydra
    36 | D        | Reached skill level 6 in Stealth
    70 | D        | Found a bloodstained altar of Trog.
    70 | D        | Found a shimmering blue altar of Sif Muna.
    70 | D        | Found a viscous altar of Jiyva.
    70 | D        | Found a hazy altar of Hepliaklqana.
    70 | D        | Found an opulent altar of Gozag.
    71 | D        | Found a glowing golden altar of the Shining One.
    71 | D        | Found a glowing silver altar of Zin.
    71 | D        | Found a sacrificial altar of Ru.
    71 | D        | Found a stormy altar of Qazlal.
    71 | D        | Found a blossoming altar of Fedhas.
    73 | D        | Found a basalt altar of Yredelemnul.
    73 | D        | Found an iron altar of Okawaru.
    73 | D        | Found a white marble altar of Elyvilon.
    75 | D        | Found a sparkling altar of Nemelex Xobeh.
    75 | D        | Found a shimmering altar of Xom.
    75 | D        | Found a shadowy altar of Dithmenos.
    77 | D        | Found a snail-covered altar of Cheibriados.
    77 | D        | Found a burning altar of Makhleb.
    77 | D        | Found an ornate altar of the Wu Jian Council.
    78 | D        | Found a corrupted altar of Lugonu.
    78 | D        | Found a radiant altar of Vehumet.
    79 | D        | Found a broken altar of Ashenzari.
    79 | D        | Found an ancient bone altar of Kikubaaqudgha.
    79 | D        | Found a hide-covered altar of Uskayaw.
    81 | D        | Became a worshipper of Dithmenos the Shadowed
   109 | D        | Reached skill level 7 in Stealth
   109 | D        | Reached XP level 2. HP: 18/18 MP: 2/2
   148 | D        | Reached * piety under Dithmenos
   149 | D        | Reached skill level 8 in Stealth
   151 | D        | Reached XP level 3. HP: 22/22 MP: 3/3
   158 | D        | Reached ** piety under Dithmenos
   179 | D        | Reached skill level 9 in Stealth
   179 | D        | Reached XP level 4. HP: 16/28 MP: 4/4
   275 | D        | Reached skill level 10 in Stealth
   282 | D        | Noticed a wolf
   282 | D        | Noticed a phantom
   283 | D        | Noticed a wolf
   300 | D        | Reached skill level 5 in Short Blades
   300 | D        | Reached *** piety under Dithmenos
   301 | D        | Reached skill level 11 in Stealth
   301 | D        | Reached XP level 5. HP: 32/32 MP: 5/5
   306 | D        | Killed a wolf
   307 | D        | Reached skill level 12 in Stealth
   307 | D        | Killed a wolf
   308 | D        | Reached skill level 13 in Stealth
   308 | D        | Reached XP level 6. HP: 39/39 MP: 6/6
   315 | D        | Reached **** piety under Dithmenos
   316 | D        | Reached skill level 14 in Stealth
   329 | D        | Reached skill level 5 in Fighting
   329 | D        | Reached skill level 15 in Stealth
   329 | D        | Reached XP level 7. HP: 29/44 MP: 7/7
   381 | D        | Reached skill level 5 in Dodging
   387 | D        | Reached ***** piety under Dithmenos
   403 | D        | Noticed a yak
   405 | D        | Killed a yak
   406 | D        | Reached skill level 10 in Short Blades
   406 | D        | Reached skill level 16 in Stealth
   420 | D        | Noticed a demonic crawler
   447 | D        | Noticed a spriggan
   462 | D        | Mangled by a demonic crawler

Illustrated notes

Levels and vault maps discovered:
D:        pitsprint [storerooms_1, entrance_room_1, metal_vault_6, armoury_1,
          mini_pit_1, grid_room_1, main_hall_1, silver_pit, the_coven_1,
          the_vestibule_1, steel_vault_4, golden_pit, hallway_of_sentries,
          crystal_vault_4, iron_vault_1, final_vault]

Skill      XL: |  1  2  3  4  5  6  7 |
---------------+----------------------+-----
Stealth        | 7 8 9 11 13 15 16 | 16.5
Short Blades   | 3 4 5 8 9 10 | 10.8
Fighting       | 3 4 5 6 |  6.3
Dodging        | 2 4 6 |  6.0
Throwing       | 3 |  3.7

Action                     |  1- 3 |  4- 6 |  7- 9 || total
---------------------------+-------+-------+-------++-------
  Melee: Dagger            |    30 |    41 |    26 ||    97
         Punch             |       |     1 |       ||     1
  Throw: Dart              |       |       |     2 ||     2
    Use: Potion            |       |     2 |     1 ||     3
   Stab: Sleeping          |     6 |     1 |     6 ||    13
 Armour: Robe              |     2 |     6 |       ||     8
  Dodge: Dodged            |    35 |    21 |    16 ||    72

Table legend: (Time is in decaauts)
 A = Elapsed time spent in this place.
 B = Non-inter-level travel time spent in this place.
 C = Inter-level travel time spent in this place.
 D = Time resting spent in this place.
 E = Time spent auto-exploring this place.
 F = Levels seen in this place.
 G = Mean time per level.
                   A        B        C        D        E       F      G
               +--------+--------+--------+--------+--------+-----+--------+
         Total |    435 |    411 |     24 |      0 |    175 |   1 |  435.0 |
       Dungeon |    435 |    411 |     24 |      0 |    175 |   1 |  435.0 |
               +--------+--------+--------+--------+--------+-----+--------+

Top non-repeatable levels by time:
       D: 435 daAuts
